 Dungeon Crawl Stone Soup version 0.15-a0-1363-g87d8b17 (webtiles) character file.

2606 Chiseanne the Skirmisher (level 9, -5/72 HPs)
             Began as a Formicid Monk on June 9, 2014.
             Was an Initiate of Gozag.
             Slain by a hill giant
             ... wielding a +0,+0 giant club
              (34 damage)
             ... on Level 8 of the Dungeon.
             The game lasted 00:26:20 (7683 turns).

Chiseanne the Skirmisher (Formicid Monk)            Turns: 7683, Time: 00:26:20

HP  -5/72        AC 18     Str 13      XL: 9   Next: 90%
MP  12/12        EV 13     Int 13      God: Gozag
Gold 880         SH  0     Dex 16      Spells:  0 memorised,  8 levels left

rFire  + . .     SeeInvis +     I - +6,+8 trident of Mivvuips {flame, rF+ rC+ Stlth--}
rCold  + . .     Clarity  .     d - +8 ring mail of Zuat {Str-4 Int+3}
rNeg   . . .     rCorr    .     (no shield)
rPois  .         rRot     .     (helmet unavailable)
rElec  .         Spirit   .     u - +0 cloak
SustAb .         Warding  .     v - +0 pair of gloves
rMut   +         Stasis   +     h - +0 pair of boots
Gourm  .                        w - amulet of resist mutation
MR     .....                    k - +1 ring of dexterity
                                g - ring of wizardry

@: not resistant to hostile enchantments, extremely unstealthy
A: permanent stasis, dig shafts and tunnels, four strong arms, antennae 3
a: Dig, Shaft Self, Potion Petition, Call Merchant, Bribe Branch, Renounce
Religion


You were on level 8 of the Dungeon.
You worshipped Gozag.
Gozag was noncommittal.
You were hungry.

You visited 2 branches of the dungeon, and saw 9 of its levels.

You collected 980 gold pieces.
You spent 100 gold pieces at shops.

Inventory:

Hand weapons
 o - a +3,+4 quarterstaff of chaos
 A - the +8,+9 whip of Calculation {flame, Str+3 SInv}
   (You found it on level 7 of the Dungeon)

   It emits flame when wielded, causing extra injury to most foes and up to
   double damage against particularly susceptible opponents.
   It affects your strength (+3).
   It enhances your eyesight.
 D - a +0,+1 war axe
 G - a +0,+6 quarterstaff of distortion
 I - the +6,+8 trident of Mivvuips (weapon) {flame, rF+ rC+ Stlth--}
   (You found it on level 8 of the Dungeon)

   It emits flame when wielded, causing extra injury to most foes and up to
   double damage against particularly susceptible opponents.
   It protects you from fire.
   It protects you from cold.
   It makes you much less stealthy.
Missiles
 i - 35 poisoned needles
 C - 6 javelins (quivered)
 H - 4 tomahawks
Armour
 d - the cursed +8 ring mail of Zuat (worn) {Str-4 Int+3}
   (You found it on level 5 of the Dungeon)

   It affects your strength (-4).
   It affects your intelligence (+3).
   It has a curse placed upon it.
 h - a +0 pair of boots (worn)
 t - a +0 ring mail of fire resistance
 u - a +0 cloak (worn)
 v - a +0 pair of gloves (worn)
Magical devices
 c - a wand of random effects (18)
 f - a wand of confusion (7)
 m - a wand of enslavement (10)
 y - a wand of enslavement (6)
Comestibles
 b - 5 bread rations
 q - a royal jelly
 r - a meat ration
 B - 3 fruits
Scrolls
 e - 4 scrolls of remove curse
 j - a scroll of enchant weapon II
 l - 3 scrolls of identify
 n - 2 scrolls of fog
 p - a scroll of magic mapping
 s - 4 scrolls of fear
 F - a scroll of recharging
Jewellery
 g - a ring of wizardry (left hand)
 k - a +1 ring of dexterity (right hand)
 w - an amulet of resist mutation (around neck)
Potions
 a - 5 potions of curing
 x - a potion of heal wounds
 z - a potion of flight
 E - a potion of invisibility


   Skills:
 * Level 7.5 Fighting
 - Level 3.5 Maces & Flails
 - Level 4.4 Staves
 * Level 6.7 Armour
 * Level 7.4 Dodging
 - Level 2.4 Stealth
 - Level 4.0 Unarmed Combat


You had 8 spell levels left.
You didn't know any spells.

Dungeon Overview and Level Annotations

Branches:
Dungeon (8/15)             Temple (1/1) D:6
   Lair: D:8-11

Altars:
Ashenzari
Cheibriados
Dithmenos
Elyvilon
Fedhas
Gozag
Kikubaaqudgha
Makhleb
Nemelex Xobeh
Okawaru
Qazlal
Sif Muna
Trog
Vehumet
Xom
Yredelemnul
Zin
The Shining One

Shops:
D:3 *


Innate Abilities, Weirdness & Mutations

Your are under a permanent stasis effect.
You can dig through walls and to a lower floor.
Your four strong arms can wield two-handed weapons with a shield.
You have a pair of large antennae on your head (SInv).


Message History

The hill giant shouts!
Found a scroll of identify.
You puncture the hill giant! You burn the hill giant.
The hill giant is moderately wounded.
The hill giant hits you with a giant club.
You barely miss the hill giant.
The hill giant is moderately wounded.
The hill giant hits you with a giant club!!
You puncture the hill giant! You burn the hill giant.
You punch the hill giant, but do no damage.
The hill giant is moderately wounded.
The hill giant misses you.
You puncture the hill giant! You burn the hill giant.
The hill giant is heavily wounded.
The hill giant hits you with a giant club!
You hit the hill giant. You burn the hill giant.
The hill giant is heavily wounded.
The hill giant hits you with a giant club!!
You die...
Your body crumbles into a pile of gold.

#############
............# ########
+............### #.......
#......C@....'.###.......
$
#....?.......#..##.......
.?..........##..#.......
............###.'.......
##+########## ###.......
######## #. #. #.


You could see a hill giant.

Vanquished Creatures
  Joseph (D:7)
  A wyvern (D:8)
  A wolf (D:5)
  An orc warrior (D:5)
  A yellow wasp (D:7)
  A sky beast (D:8)
  An ogre (D:7)
  A phantom (D:6)
  2 centaurs (D:7)
  A necrophage (D:5)
  3 giant frogs
  Sigmund (D:3)
  2 gnoll sergeants (D:5)
  2 goliath beetles
  3 crimson imps
  7 hounds
  Crazy Yiuf (D:3)
  An orc priest (D:7)
  A gnoll shaman (D:5)
  2 orc wizards
  Natasha (twice) (D:3)
  A worker ant (D:8)
  A mummy (D:6)
  A worker ant zombie (D:7)
  13 gnolls
  8 adders
  3 worms (D:2)
  An adder zombie (D:7)
  6 giant geckos
  An ooze (D:3)
  24 orcs
  15 bats
  12 giant cockroaches
  7 goblins
  7 hobgoblins
  5 kobolds
  A quokka (D:3)
  2 ball pythons (D:1)
  A goblin skeleton (D:4)
  2 jackals (D:5)
  A jackal skeleton (D:4)
  14 rats
  A rat skeleton (D:4)
  2 fungi (D:3)
165 creatures vanquished.

Vanquished Creatures (collateral kills)
  An orc (D:6)
  A rat (D:7)
2 creatures vanquished.

Grand Total: 167 creatures vanquished

Notes
Turn   | Place    | Note
--------------------------------------------------------------
     0 | D:1      | Chiseanne, the Formicid Monk, began the quest for the Orb.
     0 | D:1      | Reached XP level 1. HP: 18/18 MP: 1/1
   134 | D:1      | Reached XP level 2. HP: 16/24 MP: 3/3
   741 | D:1      | Reached XP level 3. HP: 26/30 MP: 4/4
   814 | D:1      | Reached skill level 1 in Armour
  1435 | D:2      | Reached XP level 4. HP: 19/37 MP: 5/5
  2390 | D:3      | Found Gozag's Nutrition Petition.
  2393 | D:3      | Found an opulent altar of Gozag.
  2401 | D:3      | Became a worshipper of Gozag Ym Sagoz the Greedy
  2404 | D:3      | Bought a potion of porridge for 100 gold pieces
  2445 | D:3      | Reached XP level 5. HP: 39/42 MP: 7/7
  2454 | D:3      | Noticed Natasha
  2469 | D:3      | Killed Natasha
  2806 | D:3      | Noticed Sigmund
  2907 | D:3      | Noticed Natasha
  2913 | D:3      | Killed Natasha
  2931 | D:3      | Killed Sigmund
  2931 | D:3      | Reached XP level 6. HP: 26/50 MP: 8/8
  3181 | D:3      | Noticed Crazy Yiuf
  3188 | D:3      | Killed Crazy Yiuf
  3426 | D:4      | Found a glowing golden altar of the Shining One.
  3539 | D:4      | Found an ancient bone altar of Kikubaaqudgha.
  3541 | D:4      | Found a shadowy altar of Dithmenos.
  3875 | D:5      | Entered Level 5 of the Dungeon
  3951 | D:5      | Reached skill level 5 in Fighting
  3960 | D:5      | Reached XP level 7. HP: 26/56 MP: 9/9
  4229 | D:5      | Got a bloodstained ring mail
  4365 | D:5      | Identified the +8 ring mail of Zuat {Str-4 Int+3} (You found it on level 5 of the Dungeon)
  4455 | D:5      | Noticed an orc warrior
  4531 | D:5      | Killed an orc warrior
  4531 | D:5      | Reached skill level 1 in Staves
  4531 | D:5      | Reached skill level 5 in Dodging
  4737 | D:5      | Noticed a wolf
  4754 | D:5      | Killed a wolf
  4951 | D:5      | Reached XP level 8. HP: 64/64 MP: 11/11
  5034 | D:5      | Reached skill level 6 in Fighting
  5112 | D:5      | Reached skill level 5 in Armour
  5566 | D:6      | Found a staircase to the Ecumenical Temple.
  5713 | D:6      | Found a shimmering altar of Xom.
  5817 | D:6      | Reached XP level 9. HP: 71/71 MP: 12/12
  6079 | Temple   | Entered the Ecumenical Temple
  6393 | D:7      | Got a bloodstained whip
  6426 | D:7      | Identified the +8,+9 whip of Calculation {flame, Str+3 SInv} (You found it on level 7 of the Dungeon)
  6586 | D:7      | Found an opulent altar of Gozag.
  6649 | D:7      | Noticed Joseph
  6663 | D:7      | Killed Joseph
  6663 | D:7      | Reached skill level 7 in Fighting
  6839 | D:7      | Found a snail-covered altar of Cheibriados.
  7669 | D:8      | Got a pitted trident
  7670 | D:8      | Identified the +6,+8 trident of Mivvuips {flame, rF+ rC+ Stlth--} (You found it on level 8 of the Dungeon)
  7675 | D:8      | Noticed a hill giant
  7683 | D:8      | Slain by a hill giant

Action                   |  1- 3 |  4- 6 |  7- 9 || total
-------------------------+-------+-------+-------++-------
Melee: Unarmed           |   129 |   245 |       ||   374
       Quarterstaff      |       |    46 |   260 ||   306
       Whip              |       |       |    74 ||    74
       Trident           |       |       |     5 ||     5
Evoke: Wand              |       |     3 |     5 ||     8
  Use: Potion            |       |     8 |     4 ||    12
       Scroll            |       |     1 |    15 ||    16
 Stab: Invisible         |       |       |     6 ||     6
       Sleeping          |       |       |     1 ||     1
